 Dungeon Crawl Stone Soup version 0.28-a0-1080-g05a166d0ed (webtiles) character file.

Game seed: 1551081120995601214

251 garrulousMonolith the Chiller (level 6, -3/39 (44) HPs)
             Began as a Gnoll Ice Elementalist on Dec 9, 2021.
             Was an Initiate of Ashenzari.
             Slain by a wight (6 damage)
             ... on level 4 of the Dungeon on Dec 10, 2021.
             The game lasted 00:05:58 (4546 turns).

garrulousMonolith the Chiller (GnIE)                Turns: 4546, Time: 00:05:58

HP:   -3/39 (44)    AC:  6    Str:  7    XL:     6   Next: 13%
MP:   11/13         EV: 13    Int: 16    God:    Ashenzari [......]
Gold: 112           SH:  0    Dex: 13    Spells: 3/15 levels left

rFire   . . .      SeeInvis .   b - +0 long sword
rCold   . . .      Faith    .   (no shield)
rNeg    . . .      Spirit   .   a - +0 robe
rPois   .          Reflect  .   r - +0 helmet
rElec   .          Harm     .   d - +0 cloak
rCorr   .          Rampage  .   t - +0 pair of gloves
Will    .....                   u - +0 pair of boots
Stlth   +++.......              (no amulet)
HPRegen 0.13/turn               (no ring)
MPRegen 0.13/turn               (no ring)

@: freezing walls, heavily drained
A: fangs 1, strong nose, distributed training
a: Renounce Religion


You were on level 4 of the Dungeon.
You worshipped Ashenzari.
Ashenzari was noncommittal.
You visited 1 branch of the dungeon, and saw 4 of its levels.

You collected 112 gold pieces.

Inventory:

Hand Weapons
 b - a +0 long sword (weapon)
 k - a +0 hunting sling
 w - a +0 great sword
 z - a +2 vampiric dagger
Missiles
 j - 51 sling bullets
Armour
 a - a +0 robe (worn)
 d - a +0 cloak (worn)
 r - a +0 helmet (worn)
 t - a +0 pair of gloves (worn)
 u - a +0 pair of boots (worn)
Jewellery
 h - a ring of flight
 v - an amulet of guardian spirit
Scrolls
 e - 2 scrolls of amnesia {unknown}
 f - a scroll of enchant weapon {unknown}
 i - 2 scrolls of identify {unknown}
 m - a scroll of noise {unknown}
 n - 2 scrolls of immolation {unknown}
 q - 2 scrolls of teleportation {unknown}
 x - a scroll of vulnerability {unknown}
 y - a scroll of summoning {unknown}
Potions
 c - a potion of berserk rage {unknown}
 g - a potion of flight {unknown}
 l - a potion of magic
 o - 2 potions of heal wounds {unknown}
 p - 2 potions of curing {unknown}
 s - a potion of haste {unknown}


   Skills:
 + Level 1.8 Fighting
 + Level 1.8 Short Blades
 + Level 1.8 Long Blades
 + Level 1.8 Axes
 + Level 1.8 Maces & Flails
 + Level 1.8 Polearms
 + Level 1.8 Staves
 + Level 1.8 Slings
 + Level 1.8 Bows
 + Level 1.8 Crossbows
 + Level 1.8 Throwing
 + Level 1.8 Armour
 + Level 4.9 Dodging
 + Level 4.5 Stealth
 + Level 1.8 Shields
 + Level 1.8 Unarmed Combat
 + Level 5.3 Spellcasting
 + Level 1.4 Conjurations
 + Level 1.4 Hexes
 + Level 1.4 Summonings
 + Level 1.4 Necromancy
 + Level 1.4 Translocations
 + Level 1.4 Transmutations
 + Level 1.4 Fire Magic
 + Level 7.2 Ice Magic
 + Level 1.4 Air Magic
 + Level 1.4 Earth Magic
 + Level 1.4 Poison Magic
 + Level 2.0 Invocations
 + Level 1.8 Evocations


You had 3 spell levels left.
You knew the following spells:

 Your Spells              Type           Power      Damage    Failure   Level
a - Freeze                Ice            100%       1d11      1%          1
b - Frozen Ramparts       Ice            54%        1d7       2%          3
c - Hailstorm             Conj/Ice       18%        3d6       24%         4
d - Sticky Flame          Conj/Fire      8%         2d3       63%         4

Your spell library contained the following spells:

 Spells                   Type           Power      Damage    Failure   Level
 Ozocubu's Armour         Ice            27%        N/A       2%          3
 Corpse Rot               Necr/Air       16%        N/A       12%         2
 Conjure Flame            Conj/Fire      8%         6-21      24%         3
 Ignite Poison            Fire/Tmut/Pois 8%         N/A       24%         3
 Dispel Undead            Necr           8%         3d8       63%         4
 Death Channel            Necr           4%         N/A       100%        6


Dungeon Overview and Level Annotations

Branches:
Dungeon (4/15)
 Temple: D:4-7

Altars:
Ashenzari
Dithmenos
Fedhas
Makhleb
Okawaru
Qazlal
Sif Muna


Innate Abilities, Weirdness & Mutations

You have very sharp teeth.
Your uncanny sense of smell can sniff out nearby items.
Your experience applies equally to all skills.


Message History

Casting: Frozen Ramparts (dangerous; 2% risk of failure)
Confirm with . or Enter, or press ? or * to list all spells.
Okay, then.
Casting: Frozen Ramparts (dangerous; 2% risk of failure)
Confirm with . or Enter, or press ? or * to list all spells.
Aiming: Freeze (safe; 1% risk of failure)
Press: ? - help, Shift-Dir - straight line, f - wight
Aim: a wight, wielding a +3 scimitar and wearing a +0 robe (lightly damaged)
You freeze the wight.
The wight resists.
The wight is lightly damaged.
The wight completely resists.
The wall freezes the wight but does no damage.
The wight closely misses you.
Casting: Freeze (safe; 1% risk of failure)
Confirm with . or Enter, or press ? or * to list all spells.
Aiming: Freeze (safe; 1% risk of failure)
Press: ? - help, Shift-Dir - straight line, f/p - wight
Aim: a wight, wielding a +3 scimitar and wearing a +0 robe (lightly damaged)
You freeze the wight but do no damage.
The wight completely resists.
The wight resists.
The wall freezes the wight.
The wight hits you with a +3 scimitar!
* * * LOW HITPOINT WARNING * * *
You feel the dreadful sensation subside.
b - a +0 long sword (weapon)
You closely miss the wight.
The wight is moderately damaged.
The wight completely resists.
The wall freezes the wight but does no damage.
The wight barely misses you.
The wight resists.
The wall freezes the wight.
The wight barely misses you.
You closely miss the wight.
The wight is moderately damaged.
The wight completely resists.
The wall freezes the wight but does no damage.
The wight closely misses you.
You closely miss the wight.
The wight is moderately damaged.
The wight resists.
The wall freezes the wight.
The wight hits you with a +3 scimitar.
You die...

####### #.†..#####.##.#
#.....## ##.†..# #....##
†####..####.....####....#
## ###.....###..##....##
#...### #........# #####
##....##.# # ##...####.#
###### .#####..### .#
....... .......@# .#
.####.. ######.z# .# .#
##.# .# #.. ..# ##. .##
.. .# .. ## ..#


You could see a wight.

Vanquished Creatures
  An iguana (D:4)
  A jelly (D:4)
  Robin (D:2)
  3 adders
  5 gnolls
  2 worms
  An orc (D:3)
  7 endoplasms
  5 giant cockroaches
  14 hobgoblins
  15 jackals
  A quokka (D:4)
  A ball python (D:1)
  5 bats
  7 frilled lizards
  15 goblins
  9 kobolds
  3 rats
96 creatures vanquished.

Vanquished Creatures (others)
  A hobgoblin (D:2)
1 creature vanquished.

Grand Total: 97 creatures vanquished

Notes
Turn   | Place    | Note
-------+----------+-------------------------------------------
     0 | D:1      | garrulousMonolith the Gnoll Ice Elementalist began the
                  | quest for the Orb.
     0 | D:1      | Reached XP level 1. HP: 13/13 MP: 6/6
   175 | D:1      | Reached XP level 2. HP: 19/19 MP: 7/7
   978 | D:1      | Reached skill level 5 in Spellcasting
   978 | D:1      | Reached XP level 3. HP: 15/25 MP: 4/9
   982 | D:1      | Learned a level 3 spell: Frozen Ramparts
  1564 | D:2      | Reached skill level 1 in Invocations
  1614 | D:2      | Reached skill level 1 in Fighting
  1614 | D:2      | Reached skill level 1 in Short Blades
  1614 | D:2      | Reached skill level 1 in Long Blades
  1614 | D:2      | Reached skill level 1 in Axes
  1614 | D:2      | Reached skill level 1 in Maces & Flails
  1614 | D:2      | Reached skill level 1 in Polearms
  1614 | D:2      | Reached skill level 1 in Staves
  1614 | D:2      | Reached skill level 1 in Slings
  1614 | D:2      | Reached skill level 1 in Bows
  1614 | D:2      | Reached skill level 1 in Crossbows
  1614 | D:2      | Reached skill level 1 in Throwing
  1614 | D:2      | Reached skill level 1 in Armour
  1614 | D:2      | Reached skill level 1 in Shields
  1614 | D:2      | Reached skill level 1 in Unarmed Combat
  1614 | D:2      | Reached skill level 1 in Evocations
  1894 | D:2      | Reached XP level 4. HP: 21/32 MP: 11/11
  2243 | D:2      | Noticed Robin
  2255 | D:2      | Killed Robin
  2256 | D:2      | Reached skill level 1 in Conjurations
  2256 | D:2      | Reached skill level 1 in Hexes
  2256 | D:2      | Reached skill level 1 in Summonings
  2256 | D:2      | Reached skill level 1 in Necromancy
  2256 | D:2      | Reached skill level 1 in Translocations
  2256 | D:2      | Reached skill level 1 in Transmutations
  2256 | D:2      | Reached skill level 1 in Fire Magic
  2256 | D:2      | Reached skill level 1 in Air Magic
  2256 | D:2      | Reached skill level 1 in Earth Magic
  2256 | D:2      | Reached skill level 1 in Poison Magic
  2968 | D:3      | Found a faded altar of an unknown god.
  3136 | D:3      | Reached XP level 5. HP: 21/37 MP: 8/12
  3148 | D:3      | Learned a level 4 spell: Hailstorm
  3310 | D:3      | Learned a level 4 spell: Sticky Flame
  3673 | D:3      | Found a stormy altar of Qazlal.
  4025 | D:4      | Found a broken altar of Ashenzari.
  4032 | D:4      | Found a shimmering blue altar of Sif Muna.
  4036 | D:4      | Found a burning altar of Makhleb.
  4038 | D:4      | Found an iron altar of Okawaru.
  4046 | D:4      | Found a blossoming altar of Fedhas.
  4068 | D:4      | Became a worshipper of Ashenzari the Shackled
  4266 | D:4      | Reached XP level 6. HP: 39/44 MP: 7/13
  4456 | D:4      | Found a shadowy altar of Dithmenos.
  4546 | D:4      | Slain by a wight

Illustrated notes

Levels and vault maps discovered:
D:1:      dpeg_arrival_central, layout_basic
D:2:      layout_rooms, serial_corexii_hall, corexii_hall_statues_x,
          corexii_hall_statues_deadend, corexii_hall_statues_i,
          corexii_hall_statues_x, corexii_hall_statues_x,
          chequers_hall_statues_corner_a, lemuel_flame_loot_1, uniq_robin
D:3:      layout_rooms, mainiacjoe_overflow_alcove_1,
          hellmonk_ecumenical_altar_zigzags, chequers_arboretum,
          minmay_misc_feat_alley
D:4:      layout_layer_cave, grunt_dithmenos_smoke,
          nicolae_overflow_hallway_of_the_gods

Skill      XL: |  1  2  3  4  5 |
---------------+----------------+-----
Spellcasting   | 5 |  5.3
Invocations    | 1 2 |  2.0
Fighting       | 1 |  1.8
Short Blades   | 1 |  1.8
Long Blades    | 1 |  1.8
Axes           | 1 |  1.8
Maces & Flails | 1 |  1.8
Polearms       | 1 |  1.8
Staves         | 1 |  1.8
Slings         | 1 |  1.8
Bows           | 1 |  1.8
Crossbows      | 1 |  1.8
Throwing       | 1 |  1.8
Armour         | 1 |  1.8
Shields        | 1 |  1.8
Unarmed Combat | 1 |  1.8
Evocations     | 1 |  1.8
Conjurations   | 1 |  1.4
Hexes          | 1 |  1.4
Summonings     | 1 |  1.4
Necromancy     | 1 |  1.4
Translocations | 1 |  1.4
Transmutations | 1 |  1.4
Fire Magic     | 1 |  1.4
Air Magic      | 1 |  1.4
Earth Magic    | 1 |  1.4
Poison Magic   | 1 |  1.4
Dodging        | |  4.9
Stealth        | |  4.5
Ice Magic      | |  7.2

Action                   |  1- 3 |  4- 6 || total
-------------------------+-------+-------++-------
Melee: Long sword        |    63 |    45 ||   108
       Bite              |     6 |     1 ||     7
       Great sword       |       |     8 ||     8
       Dagger            |       |     2 ||     2
 Fire: Hunting sling     |       |    20 ||    20
 Cast: Freeze            |    24 |    44 ||    68
       Frozen Ramparts   |       |     7 ||     7
  Use: Potion            |       |     1 ||     1
 Stab: Sleeping          |     7 |     3 ||    10
Armor: Robe              |    23 |    29 ||    52
Dodge: Dodged            |    72 |    81 ||   153

Table legend: (Time is in decaauts)
 A = Elapsed time spent in this place.
 B = Non-inter-level travel time spent in this place.
 C = Inter-level travel time spent in this place.
 D = Time resting spent in this place.
 E = Time spent auto-exploring this place.
 F = Levels seen in this place.
 G = Mean time per level.
                   A        B        C        D        E       F      G
               +--------+--------+--------+--------+--------+-----+--------+
         Total |   4588 |   4473 |    115 |    699 |   3002 |   4 | 1147.0 |
       Dungeon |   4588 |   4473 |    115 |    699 |   3002 |   4 | 1147.0 |
               +--------+--------+--------+--------+--------+-----+--------+

Top non-repeatable levels by time:
     D:1: 1546 daAuts
     D:2: 1447 daAuts
     D:4: 811 daAuts
     D:3: 782 daAuts
